Map: Apotheosis LE

Players

Tapir

  • Race: Protoss Protoss
  • League: Bronze

Gracz - Winner!

  • Race: Terran Terran
  • League: Silver

VOD

Have the link to the VOD?

Description

Time

  • Played on: Oct. 26, 2016, 1:15 p.m.
  • Length: 18:49
Show
View Real Time Build Order
Export as new Build Order

Tapir Protoss 

Build Orders:  

Get SALT Encoding   

  12  0:02  Probe (Chrono Boost)  
  13  0:13  Probe (Chrono Boost)  
  14  0:19  Pylon  
  14  0:31  Probe (Chrono Boost)  
  15  0:42  Probe (Chrono Boost)  
  16  0:49  Pylon  
  16  0:53  Probe (Chrono Boost)  
  17  1:05  Probe (Chrono Boost)  
  18  1:37  Gateway  
  18  1:40  Gateway  
  18  1:42  Gateway  
  18  1:44  Gateway  
  18  1:47  Gateway  
  18  1:50  Assimilator  
  18  1:55  Assimilator  
  18  1:57  Probe (Chrono Boost)  
  19  2:14  Probe (Chrono Boost)  
  20  2:24  Probe (Chrono Boost)  
  20  2:29  Cybernetics Core  
  21  2:35  Probe (Chrono Boost)  
  22  2:38  Pylon  
  22  2:45  Probe (Chrono Boost)  
  23  2:56  Probe (Chrono Boost)  
  24  3:06  Adept x4  
  24  3:07  Adept  
  34  3:28  Warp Gate  
  34  3:36  Robotics Facility  
  33  3:54  Twilight Council  
  33  4:09  Unknown, Nexus  
  33  4:24  Observer  
  33  4:30  Resonating Glaives  
  34  4:40  Pylon  
  34  4:43  Pylon  
  34  4:45  Warp Prism  
  35  5:21  Unknown  
  35  5:35  Adept x2  
  37  5:36  Adept x2  
  37  5:37  Adept  
  43  6:11  Adept  
  43  6:12  Adept x3  
  43  6:13  Adept  
  43  6:17  Probe (Chrono Boost)  
  48  6:27  Probe (Chrono Boost)  
  49  6:34  Adept x2  
  49  6:38  Probe (Chrono Boost)  
  44  6:57  Probe (Chrono Boost)  
  44  7:01  Observer  
  46  7:08  Probe (Chrono Boost)  
  47  7:20  Dark Shrine  
  47  7:23  Probe (Chrono Boost)  
  48  7:34  Probe (Chrono Boost)  
  47  7:50  Probe (Chrono Boost)  
  46  7:55  Assimilator  
  46  8:01  Probe (Chrono Boost)  
  47  8:11  Probe (Chrono Boost)  
  48  8:22  Probe (Chrono Boost)  
  49  8:32  Adept x2, Probe (Chrono Boost)  
  50  9:18  Probe (Chrono Boost)  
  50  9:21  Assimilator  
  51  9:28  Probe (Chrono Boost)  
  52  9:33  Unknown, Nexus  
  52  9:35  Forge  
  52  9:37  Pylon  
  52  9:38  Forge  
  52  9:39  Probe (Chrono Boost)  
  53  9:49  Probe (Chrono Boost)  
  52  10:07  Dark Templar x2  
  52  10:08  Dark Templar x3  
  62  10:18  Pylon  
  62  10:21  Pylon  
  62  10:44  Unknown  
  60  10:58  Warp Prism  
  60  11:01  Protoss Ground Weapons Level 1  
  60  11:02  Protoss Ground Armor Level 1  
  56  11:22  Dark Templar x3  
  56  11:23  Dark Templar x2  
  54  12:46  Dark Templar  
  54  12:47  Dark Templar x2  
  54  12:48  Dark Templar  
  54  12:49  Dark Templar  
  53  13:37  Probe (Chrono Boost)  
  53  13:40  Protoss Ground Weapons Level 2  
  54  13:42  Protoss Ground Armor Level 2  
  54  13:46  Observer  
  54  13:48  Probe (Chrono Boost)  
  54  13:58  Probe (Chrono Boost)  
  55  14:03  Pylon  
  55  14:09  Probe (Chrono Boost)  
  56  14:11  Charge  
  56  14:18  Adept x3  
  56  14:19  Probe (Chrono Boost)  
  63  14:27  Observer  
  63  14:30  Probe (Chrono Boost)  
  65  14:40  Pylon, Probe (Chrono Boost)  
  66  14:49  Pylon  
  66  14:52  Assimilator  
  66  14:54  Assimilator, Probe (Chrono Boost)  
  67  15:10  Gateway  
  67  15:19  Probe (Chrono Boost)  
  68  15:32  Unknown, Nexus  
  68  15:38  Zealot  
  68  15:39  Zealot x3  
  68  15:40  Zealot  
  78  15:46  Observer  
  79  16:03  Protoss Ground Weapons Level 3  
  78  16:15  Zealot  
  78  16:16  Stalker  
  78  16:17  Stalker x2  
  78  16:18  Stalker  
  77  16:43  Unknown  
  77  16:47  Stalker  
  77  16:48  Stalker x3  
  85  17:00  Stargate  
  64  17:26  Stalker  
  64  17:27  Stalker x3  
  16  17:53  Stalker  
  16  17:54  Stalker x3  
  16  17:55  Stalker  
Show
View Real Time Build Order
Export as new Build Order

Gracz Terran - Winner!

Build Orders:  

Get SALT Encoding   

  12  0:02  SCV  
  13  0:17  Supply Depot  
  13  0:19  SCV  
  14  0:31  Refinery  
  14  0:36  SCV  
  15  0:43  Barracks  
  15  1:00  Supply Depot  
  15  1:04  SCV  
  16  1:16  SCV  
  16  1:17  Barracks  
  17  1:29  Refinery, SCV  
  18  1:45  Ghost Academy  
  18  1:56  Orbital Command  
  18  2:14  Barracks Tech Lab  
  18  2:15  Barracks Tech Lab  
  18  2:22  SCV  
  19  2:28  Personal Cloaking  
  19  2:34  SCV  
  20  2:46  SCV  
  20  2:47  Ghost  
  23  2:57  Ghost  
  25  3:02  SCV  
  26  3:15  Ghost  
  28  3:36  Unknown, Command Center  
  28  3:48  Ghost  
  28  3:55  SCV  
  31  4:15  Supply Depot  
  31  4:28  Supply Depot  
  31  4:44  Engineering Bay  
  31  4:48  Unknown  
  31  4:50  Orbital Command  
  31  4:59  Supply Depot  
  31  5:29  Ghost x2  
  35  5:46  Orbital Command  
  27  7:00  Refinery, SCV x2  
  29  7:02  Refinery  
  29  7:06  Factory  
  29  7:10  Factory  
  29  7:12  SCV  
  29  7:13  SCV  
  29  7:14  Engineering Bay  
  31  7:17  Supply Depot  
  31  7:20  Ghost  
  31  7:21  Ghost  
  35  7:24  SCV  
  35  7:25  SCV  
  37  7:37  Unknown, Command Center, SCV x2  
  37  8:11  Starport  
  37  8:13  Supply Depot  
  37  8:14  Starport  
  37  8:15  Supply Depot  
  37  8:18  SCV x2  
  39  8:24  Factory Tech Lab x2  
  39  8:28  Ghost  
  39  8:29  Ghost  
  39  8:30  Barracks  
  43  8:49  Unknown  
  43  8:52  Orbital Command  
  43  8:59  SCV x2  
  43  9:01  Barracks  
  45  9:11  SCV  
  46  9:23  Barracks Reactor  
  46  9:25  Concussive Shells  
  46  9:29  Stimpack  
  46  9:40  Starport Reactor  
  46  9:44  Starport Reactor  
  46  9:47  Barracks  
  46  9:48  Barracks  
  46  9:53  SCV x3  
  49  10:07  Combat Shields  
  49  10:11  Ghost x2  
  49  10:13  Barracks Reactor  
  53  10:17  SCV x2  
  53  10:18  SCV  
  56  10:28  Medivac  
  58  11:14  Supply Depot  
  58  11:18  Terran Infantry Weapons Level 1  
  58  11:19  Terran Infantry Armor Level 1  
  58  11:39  Missile Turret  
  58  11:41  Missile Turret  
  58  11:52  SCV x2  
  60  11:59  Barracks Reactor x2  
  60  12:15  Medivac  
  62  12:16  Medivac  
  64  12:23  Supply Depot  
  64  12:28  Missile Turret  
  64  12:35  Supply Depot  
  64  12:39  Marine x2  
  64  12:43  Cyclone  
  64  12:44  Cyclone  
  76  12:45  Viking x2  
  76  12:46  Medivac x2  
  84  12:53  Ghost  
  84  12:57  Marine x2  
  86  13:00  Marine x2  
  86  13:01  Marine x2  
  86  13:02  Marine x2  
  92  13:14  Marine  
  93  13:35  Ghost x2  
  93  13:38  Marine x4  
  101  14:04  Marauder x2  
  101  14:06  Armory  
  105  14:16  Unknown, Command Center  
  105  14:27  Supply Depot  
  105  14:38  Nuke  
  105  14:42  Armory  
  105  14:45  Ghost Academy  
  105  14:48  Medivac x2, Ghost Academy  
  105  14:49  Medivac x2  
  105  14:52  Marauder  
  115  14:53  Marauder  
  117  15:03  Supply Depot  
  117  15:16  Marine x8  
  117  15:17  Nuke  
  117  15:18  Nuke  
  125  15:27  Unknown  
  125  15:31  Armory  
  125  15:32  Orbital Command  
  125  15:34  SCV x3  
  128  15:46  SCV  
  129  16:20  Ghost x2  
  133  16:26  Hellion  
  133  16:27  Hellion  
  133  16:31  SCV x3  
  140  16:35  Refinery  
  140  16:40  Supply Depot  
  140  16:42  Terran Ship Weapons Level 1  
  140  16:45  Terran Vehicle And Ship Armor Level 1  
  140  16:48  Hellion x2, Ghost  
  140  16:49  Ghost  
  140  16:50  Viking x2  
Tags
 
Add a new tag
Caveats
  • Supply blocks, unpowered buildings, or Contaminate may cause inaccurate times.
  • Supply counts are checked every 10 seconds.